 Dungeon Crawl Stone Soup version 0.31-a0-940-gdaa99269f9 (webtiles) character file.

Game seed: 2983984190067579050

18 IdlyInterested the Trooper (level 2, -1/24 HPs)
             Began as a Demonspawn Fighter on Oct 20, 2023.
             Slain by a gnoll
             ... wielding a +0 spear
              (6 damage)
             ... on level 2 of the Dungeon.
             The game lasted 00:01:32 (826 turns).

IdlyInterested the Trooper (Demonspawn Fighter)      Turns: 826, Time: 00:01:33

Health: -1/24      AC:  6    Str: 16    XL:     2   Next: 48%
Magic:  2/2        EV:  8    Int:  9    God:
Gold:   66         SH:  4    Dex: 12    Spells: 1/1 levels left

rFire   . . .        a - +0 rapier
rCold   . . .        c - +0 buckler
rNeg    . . .        b - +0 scale mail
rPois   .            (no helmet)
rElec   .            i - scarf {+Inv}
rCorr   +            (no gloves)
SInv    .            (no boots)
Will    .....        (no amulet) Stlth
                     h - ring of resist corrosion
HPRegen 0.24/turn    (no ring)
MPRegen 0.08/turn

%: no passive effects
@: mighty
A: spiny 1
a: Evoke Invisibility


You were on level 2 of the Dungeon.
You visited 1 branch of the dungeon, and saw 2 of its levels.

You collected 66 gold pieces.

Inventory:

Hand Weapons
 a - a +0 rapier (weapon)
Missiles
 f - 13 stones (quivered)
Armour
 b - a +0 scale mail (worn)
 c - a +0 buckler (worn)
 i - a scarf of invisibility (worn)
Jewellery
 h - a ring of resist corrosion (left hand)
Scrolls
 k - a scroll of fear {unknown}
 l - a scroll of immolation {unknown}
 m - a scroll of fog {unknown}
 n - a scroll of poison {unknown}
Potions
 e - a potion of curing {unknown}
 g - a potion of attraction {unknown}
 j - a potion of degeneration {unknown}


   Skills:
 - Level 3.0 Fighting
 * Level 2.5 Short Blades
 - Level 3.0 Armour
 - Level 2.6 Shields
 + Level 0.1 Evocations


You had one spell level left.
You didn't know any spells.
Your spell library was empty.

Dungeon Overview and Level Annotations

Branches:
Dungeon (2/15)

Altars:


Innate Abilities, Weirdness & Mutations

You are partially covered in sharp spines.


Message History

You see here a quokka corpse.
There is a stone staircase leading down here.
You see here a +0 dagger.
Done exploring.
Done exploring.
There is a stone staircase leading down here.
There is a stone staircase leading down here.
There is a stone staircase leading down here.
You climb downwards.
The gnoll shouts! x3
Found a scroll labelled QOKLAU UPLE and a book of Winter.
There is a stone staircase leading up here.
A gnoll comes into view. It is wielding a +0 whip.
The gnoll shouts!
The gnoll hits you with a +0 spear. The gnoll is struck by your spines.
The gnoll closely misses you.
You hit the gnoll but do no damage. The gnoll hits you with a +0 spear.
The gnoll hits you but does no damage. The gnoll is struck by your spines.
The gnoll hits you with a +0 spear. You block the gnoll's attack.
You closely miss the gnoll. The rat bites you.
The gnoll hits you with a +0 club. The gnoll hits you with a +0 spear.
The gnoll is struck by your spines. The gnoll closely misses you.
You barely miss the gnoll.
The gnoll is lightly wounded.
The rat is struck by your spines.
You kill the rat!
The gnoll closely misses you. You block the gnoll's attack.
The gnoll hits you but does no damage. The gnoll is struck by your spines.
The gnoll closely misses you.
You feel very mighty all of a sudden. The gnoll hits you with a +0 club.
* * * LOW HITPOINT WARNING * * *
You block the gnoll's attack. The gnoll is struck by your spines.
The gnoll hits you but does no damage. x2
You puncture the gnoll!
You kill the gnoll!
You block the gnoll's attack. x2; The gnoll is struck by your spines.
The gnoll hits you with a +0 spear.
You die...

##. .....
...####.#..
#........ .
#....:..# ..
#.......###
...##.........
............####
.........@g...#
##....gg)##.#
#..<....#
#.....?.#
......#####
.........
.......##
..##### #


You could see 3 gnolls.

Vanquished Creatures
  A gnoll (D:2)
  3 ball pythons (D:1)
  2 bats (D:1)
  2 endoplasms (D:1)
  A giant cockroach (D:1)
  A goblin (D:1)
  2 hobgoblins (D:1)
  2 quokkas (D:1)
  A frilled lizard (D:1)
  2 rats
17 creatures vanquished.

Notes
Turn   | Place    | Note
-------+----------+-------------------------------------------
     0 | D:1      | IdlyInterested the Demonspawn Fighter began the quest for
                  | the Orb.
     0 | D:1      | Reached XP level 1. HP: 18/18 MP: 1/1
   234 | D:1      | Gained mutation: You are partially covered in sharp spines.
                  | [demonic ancestry]
   234 | D:1      | Reached XP level 2. HP: 24/24 MP: 2/2
   826 | D:2      | Slain by a gnoll

Illustrated notes

Levels and vault maps discovered:
D:1:      dpeg_arrival_round_c, layout_loops_cross,
          minmay_misc_feat_more_columns
D:2:      layout_rooms

Skill      XL: |  1  2 |
---------------+-------+-----
Short Blades   | 2 |  2.5
Armour         | 3 |  3.0
Fighting       | |  3.0
Shields        | |  2.6
Evocations     | |  0.1

Action                     || total
---------------------------++-------
  Melee: Rapier            ||    35
    Use: Potion            ||     1
 Armour: Scale mail        ||    24
  Dodge: Dodged            ||    17
  Block: Buckler           ||    13

Table legend: (Time is in decaauts)
 A = Elapsed time spent in this place.
 B = Non-inter-level travel time spent in this place.
 C = Inter-level travel time spent in this place.
 D = Time resting spent in this place.
 E = Time spent auto-exploring this place.
 F = Levels seen in this place.
 G = Mean time per level.
                   A        B        C        D        E       F      G
               +--------+--------+--------+--------+--------+-----+--------+
         Total |    830 |    760 |     70 |      0 |    629 |   2 |  415.0 |
       Dungeon |    830 |    760 |     70 |      0 |    629 |   2 |  415.0 |
               +--------+--------+--------+--------+--------+-----+--------+

Top non-repeatable levels by time:
     D:1: 821 daAuts
     D:2: 8 daAuts
